 Dungeon Crawl Stone Soup version 0.30-a0-748-ge6a52f7cba (webtiles) character file.

Game seed: 2937964709725175819

1228 Dittersdorf the Shield-Bearer (level 8, -5/52 HPs)
             Began as a Gargoyle Fighter on Feb 8, 2023.
             Killed from afar by a gargoyle (22 damage)
             ... with a stone arrow
             ... on level 5 of the Dungeon.
             The game lasted 00:04:36 (4299 turns).

Dittersdorf the Shield-Bearer (Gargoyle Fighter)    Turns: 4299, Time: 00:04:37

Health: -5/52      AC: 15    Str: 29    XL:     8   Next: 48%
Magic:  17/17      EV:  9    Int:  7    God:
Gold:   259        SH: 10    Dex:  9    Spells: 7/7 levels left

rFire   . . .      SeeInvis +    x - +9 flail of Nobot {heavy, rN++ Str+7 Int-2}
rCold   . . .      Faith    .    c - +0 buckler
rNeg    + + +      Spirit   .    b - +0 scale mail
rPois   ∞          Reflect  +    (no helmet)
rElec   +          Harm     .    v - +0 cloak
rCorr   .          Rampage  .    l - +0 pair of gloves
Will    .....                    (no boots) Stlth
                                 z - amulet of reflection
HPRegen 0.28/turn                i - ring of magical power
MPRegen 0.15/turn                k - ring of see invisible

@: no status effects
A: sickness immunity, AC +5, negative energy resistance 1, electricity
resistance, torment resistance 1, petrification resistance
a: no special abilities


You were on level 5 of the Dungeon.
You visited 1 branch of the dungeon, and saw 5 of its levels.

You collected 259 gold pieces.

Inventory:

Hand Weapons
 a - a +0 flail
 x - the +9 flail of Nobot (weapon) {heavy, rN++ Str+7 Int-2}
   (You found it on level 3 of the Dungeon)

   Str:       It affects your strength (+7).
   Int:       It affects your intelligence (-2).
   rN:        It greatly protects you from negative energy.
Armour
 b - a +0 scale mail (worn)
 c - a +0 buckler (worn)
 l - a +0 pair of gloves (worn)
 v - a +0 cloak (worn)
Jewellery
 i - a ring of magical power (left hand)
 k - a ring of see invisible (right hand)
 z - an amulet of reflection (around neck)
Wands
 e - a wand of paralysis (5)
 s - a wand of flame (15)
 w - a wand of roots (6)
Scrolls
 f - a scroll of amnesia {unknown}
 h - 2 scrolls of teleportation {unknown}
 j - 2 scrolls of enchant weapon {unknown}
 p - 2 scrolls of immolation {unknown}
 q - a scroll of vulnerability {unknown}
 t - a scroll of magic mapping {unknown}
 y - a scroll of fear {unknown}
Potions
 d - 2 potions of might
 g - a potion of invisibility {unknown}
 m - 2 potions of curing {unknown}
 n - a potion of cancellation
 o - a potion of mutation
 r - 4 potions of flight {unknown}
 u - a potion of magic


   Skills:
 + Level 6.3 Fighting
 + Level 5.2 Maces & Flails
 + Level 6.3 Armour
 + Level 6.3 Shields


You had 7 spell levels left.
You didn't know any spells.
Your spell library contained the following spells:

 Spells                   Type           Power      Damage    Failure   Level
 Kiss of Death            Conj/Necr      0%         2d5       75%         1
 Sting                    Tmut/Pois      0%         1d3       75%         1
 Poisonous Vapours        Pois/Air       0%         N/A       87%         2
 Confusing Touch          Hex            0%         N/A       98%         3
 Dispel Undead            Necr           0%         3d6       100%        4
 Olgreb's Toxic Radiance  Pois           0%         N/A       100%        4


Dungeon Overview and Level Annotations

Branches:
Dungeon (5/15)
 Temple: D:4-7

Altars:
Elyvilon
Makhleb
Sif Muna
Wu Jian


Innate Abilities, Weirdness & Mutations

You are immune to sickness and miasma.
Your stone body is resilient. (AC +5)
You are immune to poison.
You resist negative energy. (rN+)
You are resistant to electric shocks. (rElec)
You are resistant to unholy torment.
You are immune to petrification.


Message History

The black bear attacks as you move away!
You block the black bear's attack. The black bear claws you.
The black bear barely misses you.
You sock the black bear!
The black bear is heavily wounded.
The black bear bites you but does no damage.
The black bear closely misses you. You block the black bear's attack. x3
The black bear claws you but does no damage.
You sock the black bear!
The black bear is severely wounded.
The black bear goes berserk!
The black bear bites you but does no damage.
The black bear closely misses you.
The black bear claws you but does no damage.
You bludgeon the black bear!!
You kill the black bear!
The gargoyle hurls a stone arrow at you.
The stone arrow hits you!!
Ouch! That really hurt!
You sock the gargoyle!
The gargoyle is heavily damaged.
The gargoyle hits you with a +0 mace. The gargoyle closely misses you.
You thump the gargoyle!
The gargoyle is almost destroyed.
The gargoyle hits you but does no damage.
You hit the gargoyle.
The gargoyle is almost destroyed.
You block the gargoyle's attack.
The gargoyle hurls a stone arrow at you.
The stone arrow hits you but does no damage.
You hit the gargoyle but do no damage.
The gargoyle is almost destroyed.
You block the gargoyle's attack.
The gargoyle hurls a stone arrow at you.
The stone arrow hits you.
You hit the gargoyle but do no damage.
The gargoyle is almost destroyed.
The gargoyle hurls a stone arrow at you.
The stone arrow hits you!!
You die...

#(.####.......)##.##..
##..###.......†##.#...
##..##.............#.
##.###.###..........
#..##.###....##.##.
##.##.##.....##.#..
#.##.##...........
#.##. #........### #@#
#........... #9#
.....#.##... #s#
.....##.# .. #o#
.....#. . ..
#o####.#.... # ..
#ow###.#.... ..
##..o......# ##
###.w.#...#
#..o....<.#


You could see a gargoyle, a scorpion, an orc wizard, a dart slug and 2 orcs.

Vanquished Creatures
  Pikel (D:4)
  Sigmund (D:2)
  A wyvern (D:4)
  A black bear (D:5)
  A lemure (D:4)
  A scorpion (D:4)
  A hound (D:5)
  Natasha (thrice) (D:2)
  2 iguanas (D:5)
  6 adders
  An ufetubus (D:4)
  A worm (D:3)
  A dart slug (D:3)
  6 orcs
  6 endoplasms
  3 giant cockroaches
  6 goblins
  7 hobgoblins
  4 jackals
  A kobold (D:4)
  3 quokkas
  9 ball pythons
  2 bats
  3 frilled lizards
  8 rats
79 creatures vanquished.

Notes
Turn   | Place    | Note
-------+----------+-------------------------------------------
     0 | D:1      | Dittersdorf the Gargoyle Fighter began the quest for the
                  | Orb.
     0 | D:1      | Reached XP level 1. HP: 14/14 MP: 1/1
   170 | D:1      | Reached XP level 2. HP: 14/19 MP: 2/2
   983 | D:2      | Noticed Sigmund
  1137 | D:2      | Killed Sigmund
  1138 | D:2      | Reached XP level 3. HP: 12/24 MP: 3/3
  1138 | D:2      | Reached XP level 4. HP: 15/30 MP: 4/4
  1138 | D:2      | Reached XP level 5. HP: 17/34 MP: 5/5
  1282 | D:2      | Found a shimmering blue altar of Sif Muna.
  1658 | D:2      | Noticed Natasha
  1665 | D:2      | Killed Natasha
  1903 | D:2      | Found a shimmering blue altar of Sif Muna.
  2029 | D:2      | Noticed Natasha
  2035 | D:2      | Killed Natasha
  2036 | D:2      | Reached XP level 6. HP: 38/39 MP: 6/6
  2240 | D:2      | Noticed Natasha
  2249 | D:2      | Killed Natasha
  2870 | D:3      | Found a white marble altar of Elyvilon.
  3047 | D:3      | Identified the +9 flail of Nobot {heavy, rN++ Str+7 Int-2}
  3499 | D:4      | Found an ornate altar of the Wu Jian Council.
  3507 | D:4      | Noticed Pikel
  3513 | D:4      | Killed Pikel
  3514 | D:4      | Reached skill level 5 in Fighting
  3514 | D:4      | Reached skill level 5 in Armour
  3514 | D:4      | Reached skill level 5 in Shields
  3514 | D:4      | Reached XP level 7. HP: 39/45 MP: 7/7
  3621 | D:4      | Reached XP level 8. HP: 51/51 MP: 8/8
  3790 | D:4      | Found a burning altar of Makhleb.
  4138 | D:5      | Entered Level 5 of the Dungeon
  4138 | D:5      | Noticed a wyvern
  4146 | D:4      | Killed a wyvern
  4147 | D:4      | Reached skill level 5 in Maces & Flails
  4277 | D:5      | Noticed a gargoyle
  4299 | D:5      | Killed from afar by a gargoyle

Illustrated notes

Levels and vault maps discovered:
D:1:      dpeg_arrival_pits, layout_loops_corners, nicolae_figureground_sparkle
D:2:      layout_loops_ring, basic_altar, nicolae_underground_beach,
          uniq_sigmund, uniq_natasha
D:3:      layout_basic, mainiacjoe_overflow_alcove_2, minmay_pentangle
D:4:      layout_loops_cross, mainiacjoe_overflow_paths, bloody_makhleb,
          uniq_pikel
D:5:      layout_rooms

Skill      XL: |  1  2  3  4  5  6  7  8 |
---------------+-------------------------+-----
Fighting       | 4 5 6 |  6.3
Maces & Flails | 3 4 5 |  5.2
Armour         | 4 5 6 |  6.3
Shields        | 4 5 6 |  6.3

Action                     |  1- 3 |  4- 6 |  7- 9 || total
---------------------------+-------+-------+-------++-------
  Melee: Flail             |    77 |   102 |    47 ||   226
    Use: Scroll            |       |     3 |     2 ||     5
 Armour: Scale mail        |    46 |    60 |    45 ||   151
  Dodge: Dodged            |    51 |    49 |    27 ||   127
  Block: Buckler           |    18 |    24 |    23 ||    65

Table legend: (Time is in decaauts)
 A = Elapsed time spent in this place.
 B = Non-inter-level travel time spent in this place.
 C = Inter-level travel time spent in this place.
 D = Time resting spent in this place.
 E = Time spent auto-exploring this place.
 F = Levels seen in this place.
 G = Mean time per level.
                   A        B        C        D        E       F      G
               +--------+--------+--------+--------+--------+-----+--------+
         Total |   4399 |   4238 |    161 |    114 |   3463 |   5 |  879.8 |
       Dungeon |   4399 |   4238 |    161 |    114 |   3463 |   5 |  879.8 |
               +--------+--------+--------+--------+--------+-----+--------+

Top non-repeatable levels by time:
     D:2: 1565 daAuts
     D:1: 1022 daAuts
     D:3: 847 daAuts
     D:4: 790 daAuts
     D:5: 173 daAuts
